 Dungeon Crawl Stone Soup version 0.31.0-11-ge490571c62 (webtiles) character file.

Game seed: 3847781066036616777

82 Drazool the Slasher (level 4, -3/29 HPs)
             Began as a Vampire Gladiator on Feb 2, 2024.
             Was a Follower of Hepliaklqana.
             Killed by divine providence
             ... invoked by an orc priest
              (14 damage)
             ... on level 3 of the Dungeon.
             The game lasted 00:06:22 (2044 turns).

Drazool the Slasher (Vampire Gladiator)             Turns: 2044, Time: 00:06:23

Health: -3/29      AC:  4    Str: 13    XL:     4   Next: 21%
Magic:  4/4        EV: 13    Int: 10    God:    Hepliaklqana [*.....]
Gold:   191        SH:  0    Dex: 17    Spells: 3/3 levels left

rFire   . . .        a - +0 long sword
rCold   + . .        (no shield)
rNeg    + . .        s - +1 robe "Tuisicvo" {rN+ Stlth+}
rPois   +            c - +0 helmet
rElec   .            (no cloak)
rCorr   .            (no gloves)
SInv    +            (no boots)
Will    .....        (no amulet)
Stlth   +++          C - ring of protection from cold
HPRegen 0.44/turn    P - ring of poison resistance
MPRegen 0.09/turn

%: no passive effects
@: healing quickly
A: reduced essence, alive, fangs 3, see invisible, vampiric 2
a: Exsanguinate, Renounce Religion, Recall Ancestor, Ancestor Identity


You were on level 3 of the Dungeon.
You worshipped Hepliaklqana.
Hepliaklqana was aware of your devotion.
You visited 1 branch of the dungeon, and saw 3 of its levels.

You collected 191 gold pieces.


Innate Abilities, Weirdness & Mutations

Your life essence is reduced to manifest your ancestor. (-10% HP)
Your natural rate of healing is accelerated.
You have razor-sharp teeth.
You have supernaturally acute eyesight. (SInv)
You are afflicted with vampirism and can become a bat while bloodless.


   Skills:
 + Level 1.7 Fighting
 - Level 5.1 Long Blades
 - Level 1.5 Throwing
 - Level 3.2 Dodging


You had 3 spell levels left.
You didn't know any spells.
Your spell library contained the following spells:

 Spells                   Type           Power      Damage    Failure   Level
 Apportation              Tloc           0%         N/A       36%         1
 Necrotise                Necr           0%         1d4       36%         1
 Sting                    Conj/Alch      0%         1d3       36%         1
 Summon Small Mammal      Summ           0%         N/A       36%         1

Inventory:

Hand Weapons
 a - a +0 long sword (weapon)
 i - a +0 whip of electrocution
Missiles
 d - 3 throwing nets (quivered) {=f}
 e - a javelin
 n - 8 poisoned darts
Armour
 b - a +0 leather armour
 c - a +0 helmet (worn)
 s - the +1 robe "Tuisicvo" (worn) {rN+ Stlth+}
   (You found it on level 3 of the Dungeon)

   rN+:       It protects you from negative energy.
   Stlth+:    It makes you more stealthy.
Jewellery
 C - a ring of protection from cold (left hand)
 P - a ring of poison resistance (right hand)
Scrolls
 f - a scroll of blinking
 k - 2 scrolls of enchant weapon {unknown}
 l - a scroll of fear {unknown}
 o - 2 scrolls of noise
 q - 2 scrolls of identify {unknown}
 u - a scroll of fog {unknown}
Potions
 g - 2 potions of curing {unknown}
 h - 2 potions of brilliance {unknown}
 j - a potion of mutation {unknown}
 m - a potion of degeneration {unknown}
 p - a potion of enlightenment {unknown}
 r - a potion of ambrosia {unknown}
 t - a potion of berserk rage {unknown}

Dungeon Overview and Level Annotations

Branches:
Dungeon (3/15)

Altars:
Hepliaklqana

Shops:
D:1

[ #.# #.# #.#
#o# #.# #.# #
#.# #.# . #.#
#.# . #.# #o# .
#####'### #R# #
#.......# #.#
#.......# #@#
#.......# #.#
#....)..# #.#
#####'#######.#
##.# #<....#
####..# #######
#....##
####.####
..†..#


You could see the friendly Marge Gundersen the ancestor, an orc priest and an
orc.


Message History

u - a scroll labelled ASUDUTHR XABE
Found a stone staircase leading up.
Found a stone staircase leading down.
An orc and a hobgoblin come into view.
The orc is wielding a +1 dagger of venom.
Unknown command.
You aren't carrying any items that you can evoke.
Unknown command.
Throw: 9 darts (poison)
Press: ? - help, Shift-Dir - straight line, f - hobgoblin
Aim: a hobgoblin (asleep, 98% to hit)
You throw a poisoned dart. The poisoned dart hits the hobgoblin.
The hobgoblin is poisoned.
The hobgoblin shouts!
Unknown command.
An orc priest comes into view. It is wielding a +0 short sword.
An orc comes into view. It is wielding a +0 mace.
The orc hits Marge Gundersen with a +0 mace.
The orc priest invokes the aid of Beogh against you.
Beogh smites you!
Marge Gundersen hits the orc.
The orc closely misses Marge Gundersen.
The orc priest miscasts a cantrip.
Unknown command.
The orc hits Marge Gundersen with a +0 mace!
The orc priest mumbles some strange prayers to Beogh against you.
Beogh smites you!
* * * LOW HITPOINT WARNING * * *
The orc priest mumbles some strange prayers to Beogh against you.
Beogh smites you!
You die...

Skill      XL: |  1  2  3  4 |
---------------+-------------+-----
Long Blades    | 4 5 |  5.1
Fighting       | |  1.7
Throwing       | |  1.5
Dodging        | |  3.2

Action                     |  1- 3 |  4- 6 || total
---------------------------+-------+-------++-------
  Melee: Whip              |    26 |       ||    26
         Long sword        |    88 |    12 ||   100
         Bite              |    12 |     2 ||    14
  Throw: Dart              |       |     1 ||     1
 Invoke: Ancestor Identity |     1 |       ||     1
    Use: Scroll            |     2 |       ||     2
   Stab: Sleeping          |     2 |       ||     2
 Armour: Leather armour    |    47 |       ||    47
         Robe              |     5 |     6 ||    11
  Dodge: Dodged            |    72 |    10 ||    82

Levels and vault maps discovered:
D:1:      dpeg_arrival_line_fractal, layout_loops_ring, serial_shops,
          nicolae_shop_trees, chequers_serial_rivers_small_b,
          nicolae_figureground_sparkle
D:2:      layout_loops_ring, hellmonk_ecumenical_altar_run_dry
D:3:      layout_basic

Notes
Turn   | Place    | Note
-------+----------+-------------------------------------------
     0 | D:1      | Drazool the Vampire Gladiator began the quest for the Orb.
     0 | D:1      | Reached XP level 1. HP: 16/16 MP: 1/1
   341 | D:1      | Reached XP level 2. HP: 18/22 MP: 2/2
   474 | D:1      | Found Raedyll's Antique Armour Shop.
   870 | D:2      | Reached skill level 4 in Long Blades
  1093 | D:2      | Gained mutation: You are afflicted with vampirism and can
                  | become a bat while bloodless. [Vampire growth]
  1093 | D:2      | Reached XP level 3. HP: 27/27 MP: 3/3
  1489 | D:2      | Found a faded altar of an unknown god.
  1499 | D:2      | Prayed at the altar of an unknown god.
  1499 | D:2      | Became a worshipper of Hepliaklqana the Forgotten
  1499 | D:2      | Reached * piety under Hepliaklqana
  1666 | D:3      | Identified the +1 robe "Tuisicvo" {rN+ Stlth+}
  1784 | D:3      | Reached XP level 4. HP: 29/29 MP: 4/4
  1817 | D:3      | Reached skill level 5 in Long Blades
  2044 | D:3      | Killed from afar by an orc priest

Vanquished Creatures
  3 adders
  A dart slug (D:1)
  A ribbon worm (D:3)
  2 bats
  6 endoplasms
  3 giant cockroaches
  3 goblins (D:2)
  4 hobgoblins
  4 ball pythons
  3 frilled lizards
  7 kobolds
  5 rats
42 creatures vanquished.

Vanquished Creatures (collateral kills)
  A ribbon worm (D:3)
  2 orcs (D:3)
  A bat (D:3)
  A giant cockroach (D:3)
5 creatures vanquished.

Grand Total: 47 creatures vanquished

Table legend: (Time is in decaauts)
 A = Elapsed time spent in this place.
 B = Non-inter-level travel time spent in this place.
 C = Inter-level travel time spent in this place.
 D = Time resting spent in this place.
 E = Time spent auto-exploring this place.
 F = Levels seen in this place.
 G = Mean time per level.
                   A        B        C        D        E       F      G
               +--------+--------+--------+--------+--------+-----+--------+
         Total |   2065 |   1999 |     66 |      0 |   1574 |   3 |  688.3 |
       Dungeon |   2065 |   1999 |     66 |      0 |   1574 |   3 |  688.3 |
               +--------+--------+--------+--------+--------+-----+--------+

Top non-repeatable levels by time:
     D:1: 857 daAuts
     D:2: 724 daAuts
     D:3: 483 daAuts

Table legend:
 A = Non-vault XP
 B = Vault XP
 C = Vault XP percentage of total XP
 D = Non-vault monster count
 E = Vault monster count
 F = Vault count percentage of total count
                 A         B        C        D         E       F
            +---------+---------+-------+---------+---------+-------
      Total |     118 |       0 |   0.0 |      47 |       0 |   0.0
            +---------+---------+-------+---------+---------+-------
        D:1 |      26 |       0 |   0.0 |      16 |       0 |   0.0
        D:2 |      33 |       0 |   0.0 |      14 |       0 |   0.0
        D:3 |      59 |       0 |   0.0 |      17 |       0 |   0.0
            +---------+---------+-------+---------+---------+-------
